Unix NetHack Version 5.0.0-0 post-release - last build May 22 2026 02:22:16 (99d1c3b6dc4b13757aaa5824b55bdea4e1e63757,branch:main).

Game began 2026-05-22 02:39:33, ended 2026-05-22 03:36:26.

ArrBianca, chaotic female elven Wizard

                          -----            -------
                          |...------     --|.....|
                          |........|     |.+.....|
                          |..0.....|     |-|.....|--
                          -------.----   |.+.....+.|
                           |.0.0...0.--  |-|.....|.|
                           |..........|  |.+.....|.|
                           |..........|  --|.....|.|
                          -----.--------   ------|.|
                          |.0..........|         |.|
                          |.......)....|         |.|
                          --------.----|         |.|
                           |.0.0.*...00|         |.|
                           |...........|         |.|
                          -------j------         |.|
                          |.......----------------.|
                          |>.....0^......^^^^^^^^^.|
                          --------------------------
ArrBianca the Thaumaturge  St:12 Dx:11 Co:14 In:20 Wi:10 Ch:11  Chaotic
Dlvl:2  $:273 HP:0(42) Pw:81(81) AC:9  Xp:7 T:5005  Burdened

Latest messages:
 Perhaps that's why you cannot move it.
 The iguana bites!
 Komo bites the gremlin.
 The gremlin hits Komo.
 The gremlin hits Komo.
 The gremlin misses Komo.
 The gremlin misses Komo.
 You hit the iguana!
 You knock the iguana backward with a forceful blow!
 With great effort you move the boulder.
 Komo picks up a rusty dagger.
 You hear a monster behind the boulder.
 Perhaps that's why you cannot move it.
 You miss the rock mole.
 You hit the rock mole!
 The iguana bites!
 The rock mole bites!
 You hit the iguana!
 The iguana bites!
 You hit the iguana.
 You kill the iguana!
 Komo drops a rusty dagger.
 You miss the rock mole.
 You miss the rock mole.
 The rock mole bites!
 You kill the rock mole!
 Komo picks up a rusty dagger.
 With great effort you move the boulder.
 With great effort you move the boulder.
 Komo drops a rusty dagger.
 With great effort you move the boulder.
 You see here 42 rocks.
 With great effort you move the boulder.
 You hit the ochre jelly.
 You are splashed by the ochre jelly's acid!
 You stop.  Komo is in the way!
 Komo bites the ochre jelly.
 Komo misses the ochre jelly.
 You swap places with Komo.
 The ochre jelly engulfs you!
 You are covered in slime!  It burns!
 You hit the ochre jelly.
 You are splashed by the ochre jelly's acid!
 You are covered in slime!  It burns!
 You die...
 Do you want your possessions identified? [ynq] (y) y
 Do you want to see your attributes? [ynq] (y) y
 Do you want an account of creatures vanquished? [ynaq] (y) y
 Do you want to see your conduct and achievements? [ynq] (y) y
 Do you want to see the dungeon overview? [ynq] (y) n

Inventory:
 Coins    ('$')
  $ - 273 gold pieces
 Weapons  (')')
  U - 8 +0 darts (at the ready)
  a - a blessed +2 quarterstaff (weapon in hands)
 Armor    ('[')
  q - an uncursed +0 orcish helm
  b - an uncursed +0 cloak of magic resistance (being worn)
  S - an uncursed +0 mummy wrapping
 Comestibles  ('%')
  w - 2 uncursed cream pies
  d - 6 uncursed food rations
  z - an uncursed tripe ration
 Scrolls  ('?')
  O - 3 uncursed scrolls of blank paper
  t - 2 uncursed scrolls of earth
  M - an uncursed scroll of enchant weapon
  i - an uncursed scroll of food detection
  k - 2 uncursed scrolls of identify
  j - an uncursed scroll of light
  T - a blessed scroll of teleportation
 Spellbooks  ('+')
  l - a blessed spellbook of force bolt
  E - an uncursed spellbook of invisibility
  p - an uncursed spellbook of slow monster
  m - an uncursed spellbook of stone to flesh
 Potions  ('!')
  h - an uncursed potion of booze
  f - 2 uncursed potions of confusion
  g - 2 uncursed potions of gain ability
  I - 2 cursed potions of healing
  B - a blessed potion of oil
  J - a cursed potion of speed
 Rings    ('=')
  y - an uncursed ring of conflict
  s - an uncursed ring of invisibility
  r - a cursed ring of polymorph
  W - a cursed ring of polymorph
  A - a blessed +1 ring of protection
  V - an uncursed ring of stealth
  e - an uncursed ring of sustain ability
 Wands    ('/')
  P - a wand of cold (0:3)
  c - a wand of light (0:15)
  v - a wand of lightning (0:8)
  C - a wand of make invisible (0:6)
  u - a wand of secret door detection (0:12)
 Tools    ('(')
  o - an uncursed bugle
  n - a magic marker (0:22)
  D - an uncursed skeleton key
 Gems/Stones  ('*')
  x - an uncursed amber stone
  G - an uncursed topaz stone
  Q - an uncursed worthless piece of black glass
  F - an uncursed worthless piece of yellowish brown glass

ArrBianca the Wizard's attributes:

Background:
 You were a Thaumaturge, a level 7 female elven Wizard.
 You were chaotic, on a mission for Anhur
 who was opposed by Ptah (lawful) and Thoth (neutral).
 You were left-handed.
 You were in Sokoban, on level 2.
 You entered the dungeon 5005 turns ago.
 It was nighttime.
 You had 803 experience points, 477 more were needed to attain level 8.

Basics:
 You had 0 out of 42 hit points.
 You had all 81 energy points (spell power).
 Your armor class was 9.
 Your wallet contained 273 zorkmids.
 Autopickup was on for '$?!/="+%' plus thrown, with exceptions.

Final Characteristics:
 Your strength was 12 (limit:18).
 Your dexterity was 11 (limit:18).
 Your constitution was 14 (limit:16).
 Your intelligence was 20 (limit:20).
 Your wisdom was 10 (limit:20).
 Your charisma was 11 (limit:18).

Final Status:
 You were engulfed by the ochre jelly.
 You weren't hungry.
 You were burdened; movement was slightly slowed.
 You were wielding a quarterstaff.
 You were skilled in quarterstaff.

Final Attributes:
 You were piously aligned.
 You were magic-protected.
 You were sleep resistant.
 You were telepathic.
 You had infravision.
 You were warded.
 You were unlucky.
 You are dead.

Miscellaneous:
 You didn't encounter any bones levels.
 Total elapsed playing time was 50 minutes and 48 seconds.

Major events:
 Turn
    1: ArrBianca the chaotic female elven Wizard entered the dungeon
  540: attained the rank of Conjurer (level 3)
 1714: attained the rank of Thaumaturge (level 6)
 1720: consulted the Oracle
 2553: entered Sokoban
 3252: completed 2nd Sokoban level
 4256: completed 3rd Sokoban level
 5005: killed by an ochre jelly

Spells:
 Name                 Level Category     Fail Retention
 force bolt             1   attack         0%   71%-80%
 stone to flesh         3   healing       54%   51%-75%
 invisibility           4   escape        84%  76%-100%

Skills:
 Fighting Skills
   bare handed combat [Unskilled]
   riding             [Unskilled]
 Weapon Skills
   dagger             [Unskilled]
   knife              [Unskilled]
   axe                [Unskilled]
   short sword        [Unskilled]
   club               [Unskilled]
   mace               [Unskilled]
   quarterstaff       [Skilled]
   polearms           [Unskilled]
   spear              [Unskilled]
   trident            [Unskilled]
   sling              [Unskilled]
   dart               [Unskilled]
   shuriken           [Unskilled]
 Spellcasting Skills
   attack spells      [Basic]
   healing spells     [Unskilled]
   divination spells  [Unskilled]
   enchantment spells [Basic]
   clerical spells    [Unskilled]
   escape spells      [Unskilled]
   matter spells      [Unskilled]

Voluntary challenges:
 Character rerolling was not enabled.
 You never genocided any monsters.
 You never polymorphed an object.
 You never changed form.
 You used no wishes.
 You violated the special Sokoban rules thrice.
Achievements:
 You attained the rank of Conjurer.
 You attained the rank of Thaumaturge.
 You consulted the Oracle of Delphi.
 You entered Sokoban.

 The Dungeons of Doom: levels 1 to 6
    Level 1:
       An altar, a fountain.
    Level 2:
       A fountain, a grave.
    Level 3:
    Level 4:
       Some fountains.
    Level 5:
       Many fountains.
       Oracle of Delphi.
    Level 6:
       Stairs up to Sokoban, level 5.
 Sokoban: levels 5 up to 2
    Level 2: <- You were here.
       Unsolved.
       Final resting place for
          you, killed by an ochre jelly.
    Level 3:
       Solved.
    Level 4:
       Solved.
    Level 5:
       Unsolved.


Vanquished creatures:
  a giant beetle
  a leprechaun
 an orc mummy
  a yeti
  a gold golem
  2 lizards
  a dingo
  a jaguar
 an imp
  a mountain nymph
  a rock piercer
  4 rock moles
  2 ponies
 10 fog clouds
  a shrieker
  a kobold mummy
  a golden naga hatchling
  a gray ooze
  a paper golem
  4 floating eyes
  a homunculus
  a kobold leader
  2 kobold shamans
  a centipede
  2 iguanas
 an acid blob
  a hobbit
  9 manes
  2 hobgoblins
  2 giant rats
  a brown mold
  a gnome
  2 geckos
  a jackal
  a fox
  3 goblins
  a sewer rat
  6 grid bugs
  a bat
  3 lichens
  a kobold zombie
  9 newts
89 creatures vanquished.

No species were genocided or became extinct.

Game over:
                       ----------
                      /          \
                     /    REST    \
                    /      IN      \
                   /     PEACE      \
                  /                  \
                  |    ArrBianca     |
                  |      273 Au      |
                  |   killed by an   |
                  |   ochre jelly    |
                  |                  |
                  |                  |
                  |       2026       |
                 *|     *  *  *      | *
        _________)/\\_//(\/(/\)/\//\/|_)_______

Goodbye ArrBianca the Wizard...

You died in Sokoban on dungeon level 2 with 3749 points,
and 273 pieces of gold, after 5005 moves.
You were level 7 with a maximum of 42 hit points when you died.

